 Dungeon Crawl Stone Soup version 0.30.0-29-ga12c61a403 (webtiles) character file.

Game seed: 13431568347026905933

37 monsoonserge the Trooper (level 3, -7/33 HPs)
             Began as a Hill Orc Fighter on June 24, 2023.
             Mangled by a gnoll
             ... wielding a +3 halberd of protection
              (14 damage)
             ... on level 2 of the Dungeon.
             The game lasted 00:02:01 (931 turns).

monsoonserge the Trooper (Hill Orc Fighter)          Turns: 931, Time: 00:02:02

Health: -7/33      AC:  8    Str: 20    XL:     3   Next: 41%
Magic:  3/3        EV:  9    Int:  8    God:
Gold:   60         SH:  4    Dex: 10    Spells: 2/2 levels left

rFire   . . .        a - +0 war axe
rCold   . . .        c - +0 buckler
rNeg    . . .        b - +0 scale mail
rPois   .            r - +0 helmet
rElec   .            (no cloak)
rCorr   .            (no gloves)
SInv    .            (no boots)
Will    .....        (no amulet) Stlth
                     (no ring)
HPRegen 0.25/turn    (no ring)
MPRegen 0.08/turn

%: no passive effects
@: no status effects
A: no striking features
a: no special abilities


You were on level 2 of the Dungeon.
You visited 1 branch of the dungeon, and saw 2 of its levels.

You collected 60 gold pieces.

Inventory:

Hand Weapons
 a - a +0 war axe (weapon)
Missiles
 l - 3 atropa-tipped darts (quivered)
Armour
 b - a +0 scale mail (worn)
 c - a +0 buckler (worn)
 r - a +0 helmet (worn)
Magical Staves
 q - a staff of poison
Jewellery
 n - a +6 ring of intelligence
Scrolls
 g - a scroll of acquirement {unknown}
 h - a scroll of vulnerability {unknown}
 m - a scroll of identify {unknown}
 p - a scroll of torment {unknown}
 s - a scroll of noise {unknown}
Potions
 d - 2 potions of might
 e - a potion of flight {unknown}
 f - a potion of degeneration {unknown}
 i - a potion of invisibility {unknown}
 j - a potion of attraction {unknown}
 k - a potion of lignification {unknown}
 o - 2 potions of brilliance {unknown}


   Skills:
 + Level 4.1 Fighting
 + Level 3.5 Axes
 + Level 3.8 Armour
 + Level 3.4 Shields


You had 2 spell levels left.
You didn't know any spells.
Your spell library was empty.

Dungeon Overview and Level Annotations

Branches:
Dungeon (2/15)

Altars:


Message History

The gnoll hits you with a +0 spear.
A gnoll comes into view.
It is wielding a +3 halberd of protection.
You closely miss the gnoll. You block the gnoll's attack.
You barely miss the gnoll. The gnoll hits you but does no damage.
You block the gnoll's attack. The gnoll hits you with a +0 spear.
The gnoll barely misses you. The gnoll closely misses you.
You hit the hobgoblin but do no damage. You block the gnoll's attack.
You block the hobgoblin's attack.
You slash the hobgoblin!
You kill the hobgoblin!
The gnoll hits you but does no damage. The gnoll hits you with a +0 spear.
You barely miss the gnoll. The gnoll barely misses you.
You hit the gnoll.
The gnoll is heavily wounded.
The gnoll hits you with a +0 spear.
You closely miss the gnoll.
The gnoll is heavily wounded.
You closely miss the gnoll. You block the gnoll's attack. x2
The gnoll barely misses you.
You slash the gnoll!
You kill the gnoll!
You hit the gnoll. You block the gnoll's attack.
The gnoll hits you but does no damage. The gnoll closely misses you.
The gnoll hits you from afar with a +3 halberd of protection!
Unknown command.
You hit the gnoll.
The gnoll is moderately wounded.
The gnoll hits you from afar with a +3 halberd of protection!
* * * LOW HITPOINT WARNING * * *
The gnoll barely misses you.
You barely miss the gnoll.
The gnoll is moderately wounded.
You block the gnoll's attack. The gnoll barely misses you.
You block the gnoll's attack.
You hit the gnoll.
The gnoll is moderately wounded.
The gnoll hits you from afar with a +3 halberd of protection!
You die...

.. ##. .. #.. . ..#
# #.#.#.# #.# .#.#.
#.# ... #.# #.# #.#
#.####g#############
#.#
#.....)g@..##..>...#
#.#
##########.......#.#
#.# ####.##.#.####.#
#.##......<.#
#.####.###### #.#
#.# #.. ..# ### ####


You could see 2 gnolls.

Vanquished Creatures
  A gnoll (D:2)
  2 bats (D:1)
  3 endoplasms
  A giant cockroach (D:1)
  2 hobgoblins
  4 kobolds (D:1)
  4 quokkas (D:1)
  4 ball pythons (D:1)
  3 frilled lizards (D:1)
24 creatures vanquished.

Notes
Turn   | Place    | Note
-------+----------+-------------------------------------------
     0 | D:1      | monsoonserge the Hill Orc Fighter began the quest for the
                  | Orb.
     0 | D:1      | Reached XP level 1. HP: 19/19 MP: 1/1
   282 | D:1      | Reached XP level 2. HP: 27/27 MP: 2/2
   430 | D:1      | Reached skill level 4 in Fighting
   861 | D:1      | Reached XP level 3. HP: 29/33 MP: 3/3
   931 | D:2      | Mangled by a gnoll

Illustrated notes

Levels and vault maps discovered:
D:1:      dpeg_arrival_radiant, layout_loops_ring,
          wander_ebering_terrifying_dragon_lair
D:2:      layout_loops_cross, minmay_goblin_outpost

Skill      XL: |  1  2 |
---------------+-------+-----
Axes           | 3 |  3.5
Fighting       | 4 |  4.1
Armour         | |  3.8
Shields        | |  3.4

Action                     || total
---------------------------++-------
  Melee: War axe           ||    72
 Armour: Scale mail        ||    51
  Dodge: Dodged            ||    42
  Block: Buckler           ||    23
